Cogmind - Beta 13 *** ADVENTURER MODE // 2024.04.02 @ 16:38:24 Player: Orjis Result: Destroyed by L-31 Rogue with Katana Performance ------------- Evolutions (2) 1000 Regions Visited (3) 600 Robots Destroyed (43) 215 Value Destroyed (1197) 1197 Prototype IDs (0) 0 Alien Tech Used (0) 0 Bonus (49) 49 TOTAL SCORE: 3061 Bonus ------- High Alert Combat Kills 49 Cogmind --------- Core Integrity 0/550 Matter 10/300 Energy 100/100 System Corruption 0% Temperature Cool (9) Movement Core (700) Ox13 Location -8/Materials Parts ------- > --- POWER (1) -------- (None) > --- PROPULSION (4) --- (None) > --- UTILITY (4) ------ High-capacity Storage Unit Advanced Visual Processing Unit Advanced Visual Processing Unit Improved Weapon Shielding > --- WEAPON (2) ------- (None) > --- INVENTORY (20) --- Light Ion Engine Cesium-ion Thruster Improved Heat Sink Large Storage Unit Improved Sensor Array Light Armor Plating Hardened Medium Armor Plating Field Laser Particle Cannon High-powered Shotgun Improved Light Cannon Assault Cannon EMP Blaster Grenade Launcher Peak State ------------ > --- POWER ------------ Deuterium Engine > --- PROPULSION ------- Aluminum Leg Aluminum Leg Aluminum Leg Improved Aluminum Leg > --- UTILITY ---------- Improved Heat Sink Large Storage Unit Advanced Visual Processing Unit Improved Propulsion Shielding > --- WEAPON ----------- EMP Blaster Mini Grenade Launcher > --- INVENTORY -------- Ion Engine Light Ion Engine Deuterium Engine Improved Heat Sink Improved Heat Sink Large Storage Unit Advanced Visual Processing Unit Light Armor Plating Field Laser Field Laser Particle Cannon High-powered Shotgun Improved Light Cannon Grenade Launcher [Rating: 25] Favorites ----------- Power Deuterium Engine Engine Deuterium Engine Propulsion Aluminum Leg Leg Aluminum Leg Flight Unit VTOL Module Utility Large Storage Unit Device Improved Heat Sink Storage Large Storage Unit Processor Advanced Visual Processing Unit Protection Improved Weapon Shielding Weapon Light Assault Rifle Energy Gun Shock Rifle Energy Cannon Particle Cannon Ballistic Gun Light Assault Rifle Ballistic Cannon Improved Light Cannon Launcher Mini Grenade Launcher Impact Weapon Great Maul Build | -11 -10 -9 -8 ------- Run | Yrd Mat Mat Mat Slots Evolved 4 | . . 2 2 Power . | . . . . Propulsion 2 | . . 1 1 Utility 2 | . . 1 1 Weapon . | . . . . Parts Attached 49 | 6 1 20 22 Power 6 | 1 . 1 4 Engine 6 | 1 . 1 4 Core . | . . . . Reactor . | . . . . Propulsion 13 | 2 . 8 3 Treads . | . . . . Leg 10 | 2 . 5 3 Wheel . | . . . . Hover . | . . . . Flight 3 | . . 3 . Utility 13 | 1 1 4 7 Device 2 | 1 . 1 . Storage 4 | . 1 2 1 Processor 2 | . . 1 1 Hackware . | . . . . Protection 5 | . . . 5 Artifact . | . . . . Weapon 17 | 2 . 7 8 Energy Gun 5 | . . 4 1 Energy Cannon 1 | . . . 1 Ballistic Gun 5 | 2 . 1 2 Ballistic Cannon 1 | . . . 1 Launcher 3 | . . . 3 Special Weapon . | . . . . Impact Weapon 2 | . . 2 . Slashing Weapon . | . . . . Piercing Weapon . | . . . . Special Melee Weapon . | . . . . Unidentified Prototypes . | . . . . Parts Lost 12 | . . . 12 Power 3 | . . . 3 Propulsion 5 | . . . 5 Utility . | . . . . Weapon 4 | . . . 4 Highest Loss Streak 5 | . . . 5 To Critical Strikes . | . . . . Average Slot Usage (%) 92 | . 98 98 81 Engine 9 | . 14 11 5 Leg 28 | . 28 33 24 Device 8 | . 14 10 3 Storage 10 | . 12 11 9 Processor 8 | . . 10 11 Protection 4 | . . . 11 Energy Gun 8 | . . 16 5 Ballistic Gun 8 | . 28 5 . Launcher 3 | . . . 8 Naked Turns . | . . . . Heaviest Build 56 | 6 26 36 56 Greatest Support 43 | 20 20 33 43 Greatest Overweight (x) 15 | . 1 1 15 Average Overweight (x) . | . . . 1 Largest Inventory Capacity 20 | 5 15 15 20 Average Capacity 14 | 5 13 15 16 Most Carried 15 | 4 7 15 15 Average Carried 11 | 1 6 13 13 Final Capacity 20 | 5 15 15 20 Final Carried 15 | 4 7 15 14 Class Distribution -------------------- 100% | Mutant Dominant Class ---------------- Mutant | -10/Materials Mutant | -9/Materials Mutant | -8/Materials Resources | -11 -10 -9 -8 ----------- Run | Yrd Mat Mat Mat Matter Collected 670 | 263 24 224 159 Remotely . | . . . . Salvage Created 1180 | 37 55 383 705 Parts 82 | 4 6 22 50 Haulers Intercepted . | . . . . Recyclers Shooed . | . . . . Parts Field Recycled . | . . . . Retrieved Matter . | . . . . Parts Self-Destructed . | . . . . Prevented . | . . . . Kills | -11 -10 -9 -8 ------- Run | Yrd Mat Mat Mat Combat Hostiles Destroyed 33 | 1 3 7 22 Guns 12 | 1 3 5 3 Cannons 3 | . . . 3 AOE 18 | . . 2 16 Classes Destroyed 8 | 1 1 4 2 Worker 1 | . . . 1 Builder 2 | . . 1 1 Recycler 1 | . . 1 . Watcher 6 | . . 2 4 Swarmer 14 | . 3 3 8 Grunt 12 | 1 . 1 10 Duelist 1 | . . . 1 Sentry 6 | . . 3 3 Best Kill Streak 7 | 1 3 7 7 Combat Bots Only 5 | 1 3 4 5 Max Kills in Single Turn 4 | 1 1 3 4 Gunslinging . | . . . . Exploded 4 | . . 2 4 Melee . | . . . . Uniques/NPCs Destroyed . | . . . . Combat | -11 -10 -9 -8 -------- Run | Yrd Mat Mat Mat Hostile Shots Fired 248 | 3 9 65 171 Missed 81 | 1 3 20 57 Damage Taken 2216 | 17 38 477 1684 Core 677 | 9 8 106 554 Absorbed by Shields . | . . . . Redirected to Shielding 180 | . . . 180 Ignored by Resistances 621 | 5 12 137 467 Core Remaining (%) 87 | 96 93 73 . Volleys Fired 88 | 2 8 34 44 Largest 2 | 2 2 2 2 Hottest 126 | 40 40 126 100 Shots Fired 164 | 3 16 68 77 Gun 128 | 3 16 68 41 Cannon 14 | . . . 14 Launcher 22 | . . . 22 Special . | . . . . Kinetic 63 | 3 16 22 22 Thermal 14 | . . 14 . Explosive 18 | . . . 18 Electromagnetic 69 | . . 32 37 Robot Hit Streak 13 | 3 5 10 13 Robot Miss Streak 3 | . 2 3 3 Penetration Max . | . . . . Secondary Targets 1 | . 1 . . Max Gunslinging Chain 1 | . 1 . . Shots Hit Robots 103 | 3 10 41 49 Core Hits 75 | 2 5 17 51 Critical Kills . | . . . . Critical Parts Destroyed 1 | . . 1 . Critical Strikes 2 | . . 1 1 Destroy 1 | . . 1 . Blast 1 | . . . 1 Melee Attacks . | . . . . Impact . | . . . . Slashing . | . . . . Piercing . | . . . . Sneak Attacks . | . . . . Combat Hostiles . | . . . . Follow-up Attacks . | . . . . Damage Inflicted 3072 | 27 74 704 2267 Guns 1176 | 27 74 586 489 Cannons 165 | . . . 165 Explosions 1731 | . . 118 1613 Melee . | . . . . Ramming . | . . . . Kinetic 545 | 27 74 134 310 Thermal 334 | . . 307 27 Explosive 1479 | . . . 1479 Electromagnetic 714 | . . 263 451 Impact . | . . . . Slashing . | . . . . Piercing . | . . . . Highest Corruption . | . . . . Average Corruption . | . . . . Corruption Purged . | . . . . Corruption Blocked . | . . . . Overload Shots . | . . . . Overflow Damage 67 | . . . 67 Projectiles . | . . . . Explosions 67 | . . . 67 Melee . | . . . . Knockbacks 1 | . . . 1 Impact . | . . . . Kinetic 1 | . . . 1 Secondary . | . . . . Self-Inflicted Damage 200 | . . 26 174 Shots 10 | . . 1 9 Rammed . | . . . . Targets Rammed . | . . . . Kicked . | . . . . Crushed . | . . . . Highest Temperature 75 | . . 75 25 Average Temperature 21 | . . 27 9 Received Heat Transfer 738 | 12 . 123 603 Siege Activations . | . . . . Robots Corrupted . | . . . . Combat Hostiles . | . . . . Parts Fried 6 | . . 4 2 Impact Corruptions . | . . . . Robots Melted . | . . . . Combat Hostiles . | . . . . Parts Melted 3 | . . 3 . Heat Transferred 557 | . . 557 . Parts Sabotaged . | . . . . Parts Stolen . | . . . . Parts Stripped . | . . . . Power Chain Reactions 3 | . . 1 2 Alert | -11 -10 -9 -8 ------- Run | Yrd Mat Mat Mat Peak Influence 651 | 20 126 247 651 Initial 88 | . 11 5 88 Average 153 | 5 33 44 363 Maximum Alert Level 2 | . . 1 2 Low Security (%) 71 | 100 100 94 25 Level 1 13 | . . 5 32 Level 2 15 | . . . 42 Level 3 . | . . . . Level 4 . | . . . . Level 5 . | . . . . High Security . | . . . . Max Security . | . . . . Squads Dispatched 6 | . . . 6 Investigation . | . . . . Extermination . | . . . . Reinforcement 2 | . . . 2 Assault 1 | . . . 1 Garrison 3 | . . . 3 Intercept . | . . . . Searches Triggered . | . . . . Construction Impeded . | . . . . Haulers Reinforced . | . . . . Active Scanning Responses . | . . . . Cargo Convoy Interrupts . | . . . . Stealth | -11 -10 -9 -8 --------- Run | Yrd Mat Mat Mat Distress Signals 3 | . 1 1 1 Communications Jammed . | . . . . Distress Signals . | . . . . Times Spotted 57 | 1 9 10 37 Peak Tracking Total 5 | 1 3 3 5 Tactical Retreats 3 | . . 1 2 Traps | -11 -10 -9 -8 ------- Run | Yrd Mat Mat Mat Traps Triggered . | . . . . Indirectly . | . . . . Trap Hack Attempts . | . . . . Triggered . | . . . . Disarmed . | . . . . Reprogrammed . | . . . . Reused . | . . . . Traps Extracted . | . . . . Installed . | . . . . Triggered . | . . . . Machines | -11 -10 -9 -8 ---------- Run | Yrd Mat Mat Mat Machines Disabled 5 | . . 2 3 Max in Single Turn 1 | . . 1 1 Machines Repaired . | . . . . Machines Dismantled . | . . . . Machines Sabotaged . | . . . . Overloaded Fab Kills . | . . . . Hacking | -11 -10 -9 -8 --------- Run | Yrd Mat Mat Mat Machines Accessed . | . . . . Terminals . | . . . . Fabricators . | . . . . Repair Stations . | . . . . Recycling Units . | . . . . Scanalyzers . | . . . . Garrison Access . | . . . . Total Hacks . | . . . . Successful . | . . . . Failed . | . . . . Catastrophic . | . . . . Database Lockouts . | . . . . Manual . | . . . . Terminals . | . . . . Fabricators . | . . . . Repair Stations . | . . . . Recycling Units . | . . . . Scanalyzers . | . . . . Garrison Access . | . . . . Terminal Hacks . | . . . . Fabricator Hacks . | . . . . Repair Station Hacks . | . . . . Recycling Unit Hacks . | . . . . Scanalyzer . | . . . . Garrison Access Hacks . | . . . . Unauthorized Hacks . | . . . . Terminals . | . . . . Fabricators . | . . . . Repair Stations . | . . . . Recycling Units . | . . . . Scanalyzers . | . . . . Garrison Access . | . . . . Data Cores Recovered . | . . . . Used . | . . . . Hacking Detections . | . . . . Full Trace Events . | . . . . Feedback Events . | . . . . Feedback Blocked . | . . . . Robot Schematics Acquired . | . . . . Robots Built . | . . . . Authchips . | . . . . Time . | . . . . Total Robot Build Rating . | . . . . Part Schematics Acquired . | . . . . Parts Built . | . . . . Authchips . | . . . . Time . | . . . . Total Part Build Rating . | . . . . Parts Repaired . | . . . . Time . | . . . . Parts Recycled . | . . . . Recycled Matter . | . . . . Retrieved Matter . | . . . . Retrieved Components . | . . . . Parts Scanalyzed . | . . . . Part Schematics Acquired . | . . . . Parts Damaged . | . . . . Bothacking | -11 -10 -9 -8 ------------ Run | Yrd Mat Mat Mat Used RIF Installer . | . . . . Robots Hacked . | . . . . Non-combat . | . . . . Combat . | . . . . Robot Hacks Applied . | . . . . Relay Couplers Released . | . . . . Fabnet Peak Effective % . | . . . . Robots Rewired . | . . . . Allies Hacked . | . . . . Hacks Repelled . | . . . . Allies | -11 -10 -9 -8 -------- Run | Yrd Mat Mat Mat Total Allies . | . . . . Largest Group . | . . . . Highest-Rated Group . | . . . . Highest-Rated Ally . | . . . . Total Orders . | . . . . Ally Attacks . | . . . . Total Damage . | . . . . Kills . | . . . . Allies Corrupted . | . . . . Allies Melted . | . . . . Intel | -11 -10 -9 -8 ------- Run | Yrd Mat Mat Mat Robot Analysis Total . | . . . . Derelict Logs Recovered . | . . . . Drone Launches . | . . . . Drone Recoveries . | . . . . Exploration | -11 -10 -9 -8 ------------- Run | Yrd Mat Mat Mat Turns Passed 2541 | 108 515 1015 903 Spaces Moved 1217 | 86 276 472 383 Core 47 | 21 . . 26 Treads . | . . . . Legs 1170 | 65 276 472 357 Wheels . | . . . . Hover . | . . . . Flight . | . . . . Fastest Speed 50 | 50 120 120 120 Average Speed 178 | 102 178 181 192 Slowest Speed 800 | 120 190 190 800 Overloaded Moves . | . . . . Propulsion Burnouts . | . . . . Robots Hopped . | . . . . Cave-ins Triggered . | . . . . Exploration Rate (%) 24 | 5 21 35 37 Regions Visited 3 Branch Regions . Pre-discovered Areas . | . . . . Known Exits Taken . | . . . . Unknown Exits Taken 3 | 1 1 1 . Scrap Searched . | . . . . Spaces Dug 6 | . . . 6 Terrain Destroyed 132 | . . 2 130 Melee . | . . . . Projectile . | . . . . AOE 132 | . . 2 130 Terrain Rammed . | . . . . Walls Destroyed . | . . . . Machines Disabled . | . . . . Actions | -11 -10 -9 -8 --------- Run | Yrd Mat Mat Mat Total 1456 | 103 287 582 484 Wait . | . . . . Move 1214 | 85 275 471 383 Hop . | . . . . Pick Up 57 | 10 3 28 16 Fast Attach 3 | . 1 1 1 Attach 41 | 6 . 16 19 Detach 18 | . . 10 8 Swap 5 | . . 3 2 Drop 30 | . . 19 11 Fire 88 | 2 8 34 44 Melee . | . . . . Ram . | . . . . Kick . | . . . . Crush . | . . . . Escape Stasis . | . . . . Rewire . | . . . . Trap . | . . . . Miscellaneous . | . . . . Route ------- -11/Scrapyard -10/Materials -9/Materials -8/Materials History --------- Turn | Location | Event 2 | -11/Scrapyard | Met Revision 17 70 | -11/Scrapyard | Discovered new exit (range 8) 109 | -11/Scrapyard | Entered Materials 302 | -10/Materials | Build established: Mutant 613 | -10/Materials | Discovered new exit (range 3) 624 | -10/Materials | Entered another Materials area 624 | -9/Materials | Evolved 2 slots: Propulsion x1, Utility x1 1632 | -9/Materials | Discovered new exit (range 3) 1639 | -9/Materials | Entered another Materials area 1639 | -8/Materials | Evolved 2 slots: Propulsion x1, Utility x1 1817 | -8/Materials | Lost 3 parts (1n2w) 2301 | -8/Materials | Garrison activated, responded to threat 2385 | -8/Materials | Core integrity fell below 50% 2394 | -8/Materials | Lost 5 parts (2p3n) 2439 | -8/Materials | First assault squad dispatched 2537 | -8/Materials | Core integrity fell below 20% 2542 | -8/Materials | Destroyed by L-31 Rogue with Katana Last Messages --------------- U-05 Engineer builds a Wall. U-05 Engineer lays Concrete. U-05 Engineer builds a Wall. U-05 Engineer lays Concrete. U-05 Engineer builds a Wall. U-05 Engineer lays Concrete. The unstable cave ceiling collapses. U-05 Engineer lays Concrete. U-05 Engineer builds a Wall. U-05 Engineer lays Concrete. U-05 Engineer builds a Wall. U-05 Engineer lays Concrete. M-13 Machinist repairs U-05 Engineer. U-05 Engineer lays Concrete. Acquired Cesium-ion Thruster. ALERT: Significant disruption in Zone 9T, assault force dispatched. [Achievement: Significant Disruption] L-31 Rogue unfolds itself. I-25 Savior unfolds itself. Mni. Grenade Launcher destroyed. Map ----- +----------------------------------------------------+ | ??????????????????????????########### # | | ????????????????????????????####### # | | ????????????????????????????# * # # | | ????????????????????????????# "T" + ## | | ????????????????????????????# ! # % # | | ????????????????????????????######### %## | | ?????????????????#######?##?? """" #% # | | ?????????????????# ## ### ""S"" # # | | ?????????############ ## ### "" "" # # | | ???????# + # #= | | ???????????????## # / ! # # | | ???????????????## ######+## # | | ????????????????# * * + | | ????????????????# ! # ############ # | | ????????????????# # #??????## ## | | ????????????????# # #???????# ## | | ????????????????# #### # ] #???????# ## | | ?????????# ?????# #??# # #???????# ### | | ?????????# ?????#%#??# # "T" #?????### ### | | ?????????# ? ###/#### # """ #?????# # | | ?????????# # g !# # #?????# | | ???????#?# # =i/ # #######?????# | | ???????# # ""#g==/ # ###?????????# | | ???????? # Y"# // # # ##????????# # | | # ?????#?+ ""# l #%## #????????###+### | | # ???# # # l@ + # #?????????# | | # ?# ## ######### # #?????????#! | | # # !! # # #?????????# """ | | # ! !! # ##?????????# """ | | # # !! ##??????????#! """ | | # # # #???????????# | | # # """ # #???????????####### | | # """ # #?????????????????? | | # # """ # #?????????????????? | | # # #?????????????????? | | # # ##### #?????????????????? | | ?####### # ####??# #?????????????????? | | ???????# # ?????# #?????????????????? | | ???????# # ?????# #?????????????????? | | ???????# ?# " ?????? ??????????????????? | | ???????# ??+ "G?????? ??????????????????? | | ???????# ? # ""?????? ??????????????????? | | ???????#?? # ?????? ??????????????????? | | ???????????#####?????? ??????????????????? | | ?????????????????????? ??????????????????? | | ?????????????????????? ??????????????????? | | ?????????????????????? ??????????????????? | | ?????????????????????? ??????????????????? | | ?????????????????????????????????????????? | | ?????????????????????????????????????????? | +----------------------------------------------------+ Best States ------------- Heat Dissipation 45 Energy Generation 14 Energy Capacity 275 Matter Stores 300 Matter Capacity 300 Sight Range 20 Terrain Scan Density 10 Armor Coverage 225 Resistance: KI 20 Resistance: TH 20 Resistance: EX 20 Resistance: EM 20 Resistance: I 20 Resistance: S 20 Resistance: P 20 Propulsion Shielding 66 Weapon Shielding 66 Evasion (%) 55 Offensive Hacking 10 Item Schematics ----------------- None Robot Schematics ------------------ None Fabricated ------------ Nothing Alien Tech Used ----------------- None Achievements -------------- Crack Shot Let's See Who's Tougher Oops Significant Disruption Troublemaker Uninvited Guest Challenges ------------ None Game ------ Seed LinearImpactScrap Manual? 0 Play Time 00:43:44 Cumulative 1.0 hours Start 2024.04.02 @ 15:37:28 End 2024.04.02 @ 16:38:24 Sessions 1 Manual Loads 0 Difficulty Adventurer Special Mode None Game No. 2 Rogue 0 Adventurer 2 Explorer 0 Win Type - Total 0 Types 0/0/0/0/0/0/0/0/0 Lore% 0 Gallery% 3 Achievement% 3 Wizard Run 0 Options --------- Layout 0 ASCII 0 Keyboard 0 Movement Mouse Keybinds 0 Fullscreen 1 Font 18/SmallcapsGlow Map View 76x50 Zoom Use 0% Tactical HUD 0 Map Filters NONE Filters NONE Steam 1 RUN: d56bd2e8-6cc1-4e81-9cfd-0fec673b9444